 Dungeon Crawl Stone Soup version 0.21.1-1-g345015f (webtiles) character file.

938 Mesmaeker13 the Stinger (level 7, -12/56 HPs)
             Began as a Demigod Wanderer on Mar 20, 2018.
             Mangled by an ogre
             ... wielding a +0 giant club
              (29 damage)
             ... on level 6 of the Dungeon.
             The game lasted 00:12:32 (6424 turns).

Mesmaeker13 the Stinger (Demigod Wanderer)          Turns: 6424, Time: 00:12:32

Health: -12/56     AC:  2    Str: 12    XL:     7   Next: 56%
Magic:  8/13       EV: 14    Int: 21    God:
Gold:   235        SH:  0    Dex: 17    Spells: 4/10 levels left

rFire    . . .     SeeInvis .   y - +2 whip (flame)
rCold    . . .     Gourm    .   (no shield)
rNeg     . . .     Faith    .   d - +0 robe
rPois    .         Spirit   .   (no helmet)
rElec    .         Reflect  .   (no cloak)
rCorr    .         Harm     .   (no gloves)
MR       .....                  (no boots)
Stlth    +++.......             (no amulet)
HPRegen  0.18/turn              j - ring of stealth
MPRegen  0.13/turn              (no ring)

@: no status effects
A: high mp 1
a: no special abilities


You were on level 6 of the Dungeon.
You were very hungry.

You visited 1 branch of the dungeon, and saw 6 of its levels.

You collected 235 gold pieces.

Inventory:

Hand Weapons
 k - a +1 dagger of speed
 l - a +0 dagger of venom
 m - a +1 flail of venom
 y - a +2 whip of flaming (weapon)
Armour
 d - a +0 robe (worn)
 r - a +0 leather armour
 u - a +0 buckler
 v - a +2 shield
Magical Staves
 w - an uncursed staff of earth
Jewellery
 j - a ring of stealth (left hand)
Wands
 h - a wand of random effects (10)
Scrolls
 b - a scroll of identify
 c - 3 scrolls of teleportation
 e - 2 scrolls of enchant weapon
 g - a scroll of immolation
 i - a scroll of amnesia
 o - 2 scrolls of remove curse
 s - 2 scrolls of magic mapping
 x - a scroll of fog
Potions
 t - 2 potions of curing
Books
 a - a Young Poisoner's Handbook

   Spells                             Type                      Level
   a - Sting                          Conjuration/Poison           1
   b - Poisonous Vapours              Poison/Air                   2
   c - Mephitic Cloud                 Conjuration/Poison/Air       3
   d - Olgreb's Toxic Radiance        Poison                       4
   e - Venom Bolt                     Conjuration/Poison           5
 n - a book of Minor Magic

   Spells                             Type                      Level
   a - Magic Dart                     Conjuration                  1
   b - Blink                          Translocation                2
   c - Call Imp                       Summoning                    2
   d - Slow                           Hexes                        2
   e - Conjure Flame                  Conjuration/Fire             3
   f - Mephitic Cloud                 Conjuration/Poison/Air       3
Comestibles
 f - 7 rations


   Skills:
 - Level 2.3 Fighting
 - Level 1.0 Throwing
 + Level 4.1 Dodging
 - Level 1.7 Stealth
 - Level 2.1 Spellcasting
 + Level 3.4 Conjurations
 + Level 3.4 Air Magic
 + Level 4.5 Poison Magic


You had 4 spell levels left.
You knew the following spells:

 Your Spells              Type           Power        Failure   Level  Hunger
a - Sting                 Conj/Pois      ###.         2%          1    #......
b - Poisonous Vapours     Pois/Air       ###...       4%          2    ##.....
c - Mephitic Cloud        Conj/Pois/Air  ###.....     9%          3    ###....


Dungeon Overview and Level Annotations

Branches:
Dungeon (6/15)             Temple (0/1) D:5

Annotations:
D:5 tidbits's ghost, amateur GnTm


Innate Abilities, Weirdness & Mutations

You have an increased reservoir of magic. (+10% MP)


Message History

The giant cockroach is heavily wounded.
You feel sick.
The adder moves out of view.
The giant cockroach completely misses you.
The giant cockroach misses you.
You barely miss the giant cockroach.
The giant cockroach is moderately wounded.
The giant cockroach closely misses you.
You barely miss the giant cockroach.
The giant cockroach is moderately wounded.
The giant cockroach closely misses you.
You hit the giant cockroach. You burn the giant cockroach.
The giant cockroach is severely wounded.
You feel sick.
You are no longer poisoned.
The giant cockroach barely misses you. The ogre closely misses you.
You hit the giant cockroach. You burn the giant cockroach.
You kill the giant cockroach!
The ogre hits you with a giant club!!
Ouch! That really hurt!
You die...

#.#...
.....
#.#...
....
##.#..##
...###.
).....
.......
../..
..... #..#
...#
#SO###...#
#.<@†....#
#..###.<.#
#..# ...#
#..# ...#
.... .....
..!..
......
.[....
...####
........
.#..


You could see an ogre and an adder.

Vanquished Creatures
  Edmund (D:5)
  Menkaure (D:5)
  2 ice beasts
  A crimson imp (D:5)
  2 hounds
  2 orc priests (D:4)
  Jessica (D:3)
  5 worker ants
  A worker ant zombie (D:6)
  7 gnolls
  2 adders
  2 howler monkey skeletons
  2 shadow imps (D:5)
  3 dart slugs (D:1)
  5 leopard geckos
  10 orcs
  4 giant cockroaches
  11 goblins
  6 hobgoblins
  4 jackals (D:1)
  A quokka (D:5)
  A ball python (D:3)
  2 bats (D:1)
  5 frilled lizards
  6 kobolds
  2 leopard gecko skeletons
  8 rats
97 creatures vanquished.

Notes
Turn   | Place    | Note
-------+----------+-------------------------------------------
     0 | D:1      | Mesmaeker13 the Demigod Wanderer began the quest for the Orb.
     0 | D:1      | Mesmaeker13 set off with: a Young Poisoner's Handbook, a +0 spear, a scroll of teleportation, a +0 robe, a +0 dagger, a ration
     0 | D:1      | Reached XP level 1. HP: 17/17 MP: 5/5
     3 | D:1      | Learned a level 1 spell: Sting
   488 | D:1      | Reached XP level 2. HP: 23/24 MP: 2/7
   733 | D:1      | Reached skill level 1 in Dodging
  1176 | D:1      | Reached XP level 3. HP: 29/29 MP: 6/8
  1552 | D:2      | Found a faded altar of an unknown god.
  1851 | D:3      | Learned a level 2 spell: Poisonous Vapours
  2148 | D:3      | Reached skill level 1 in Conjurations
  2372 | D:3      | Reached XP level 4. HP: 37/37 MP: 9/9
  2556 | D:3      | Noticed Jessica
  2559 | D:3      | Killed Jessica
  3313 | D:4      | Reached XP level 5. HP: 42/42 MP: 7/10
  3852 | D:4      | Learned a level 3 spell: Mephitic Cloud
  4025 | D:4      | Reached XP level 6. HP: 47/49 MP: 7/12
  4256 | D:5      | Entered Level 5 of the Dungeon
  4357 | D:5      | Noticed Menkaure
  4384 | D:5      | Found a staircase to the Ecumenical Temple.
  4585 | D:5      | Killed Menkaure
  4858 | D:5      | Found a radiant altar of Vehumet.
  4858 | D:5      | Found a burning altar of Makhleb.
  5147 | D:5      | Noticed Edmund
  5148 | D:5      | Noticed tidbits's ghost (amateur GnTm)
  5499 | D:5      | Reached XP level 7. HP: 51/56 MP: 13/13
  6111 | D:5      | Killed Edmund
  6424 | D:6      | Mangled by an ogre

Skill      XL: |  1  2  3  4  5  6  7 |
---------------+----------------------+-----
Fighting       | 2 |  2.3
Poison Magic   | 2 3 4 |  4.5
Spellcasting   | 2 |  2.1
Dodging        | 1 2 3 4 |  4.1
Conjurations   | 1 2 3 |  3.4
Air Magic      | 2 3 |  3.4
Throwing       | |  1.0
Stealth        | |  1.7

Action                   |  1- 3 |  4- 6 |  7- 9 || total
-------------------------+-------+-------+-------++-------
Melee: Spear             |    19 |       |       ||    19
       Dagger            |    73 |    30 |       ||   103
       Whip              |       |   114 |    41 ||   155
 Cast: Sting             |    73 |     1 |     3 ||    77
       Poisonous Vapours |     7 |    29 |     9 ||    45
       Mephitic Cloud    |       |     4 |       ||     4
Evoke: Wand              |       |     4 |       ||     4
  Use: Scroll            |     4 |     5 |     1 ||    10
       Potion            |       |     2 |       ||     2
 Stab: Sleeping          |     3 |     3 |     1 ||     7
       Paralysed         |       |     8 |       ||     8
       Confused          |       |     1 |       ||     1
  Eat: Chunk             |     6 |    11 |       ||    17
       Ration            |       |     1 |       ||     1
Armor: Robe              |    17 |    13 |     1 ||    31
       Skin              |       |    21 |       ||    21
Dodge: Dodged            |    66 |    57 |    35 ||   158
